 Dungeon Crawl Stone Soup version 0.22-b1-59-g0aedee7 (webtiles) character file.

34 Goblin1989 the Insei (level 3, 0/26 HPs)
             Began as a Demonspawn Transmuter on Aug 9, 2018.
             Slain by a jackal (1 damage)
             ... on level 1 of the Dungeon.
             The game lasted 00:02:58 (1928 turns).

Goblin1989 the Insei (Demonspawn Transmuter)        Turns: 1928, Time: 00:02:59

Health: 0/26       AC:  6    Str: 11    XL:     3   Next: 14%
Magic:  6/6        EV: 10    Int: 14    God:
Gold:   57         SH:  0    Dex: 13    Spells: 5/6 levels left

rFire    . . .     SeeInvis .   j - +0 whip
rCold    . . .     Gourm    +   (no shield)
rNeg     . . .     Faith    .   o - +0 ring mail
rPois    .         Spirit   .   (helmet restricted)
rElec    .         Reflect  .   (no cloak)
rCorr    .         Harm     .   m - +0 pair of gloves
MR       .....                  (no boots)
Stlth    ++........             k - amulet of the gourmand
HPRegen  0.08/turn              x - ring of stealth
MPRegen  0.10/turn              (no ring)

@: no status effects
A: antennae 1
a: no special abilities


You were on level 1 of the Dungeon.
You were not hungry.

You visited 1 branch of the dungeon, and saw 2 of its levels.

You collected 57 gold pieces.

Inventory:

Hand Weapons
 j - a +0 whip (weapon)
Missiles
 a - 51 arrows
Armour
 m - a +0 pair of gloves (worn)
 o - a +0 ring mail (worn)
Jewellery
 k - an amulet of the gourmand (around neck)
 r - an uncursed amulet of magic regeneration
 x - a ring of stealth (left hand)
Scrolls
 g - 3 scrolls of fear {unknown}
 i - 2 scrolls of enchant weapon {unknown}
 l - a scroll of teleportation {unknown}
 q - a scroll of remove curse {unknown}
Comestibles
 e - a ration


   Skills:
 - Level 1.6 Fighting
 + Level 1.2 Maces & Flails
 - Level 1.7 Dodging
 - Level 3.3 Unarmed Combat
 - Level 2.0 Spellcasting
 - Level 1.7 Transmutations


You had 5 spell levels left.
You knew the following spells:

 Your Spells              Type           Power        Failure   Level  Hunger
a - Beastly Appendage     Tmut           #.....       28%         1    ##.....

Your spell library contained the following spells:

 Spells                   Type           Power        Failure   Level  Hunger
 Spider Form              Tmut/Pois      #.........   77%         3    ####...
 Blade Hands              Tmut           #.........   100%        5    ######.
 Ice Form                 Ice/Tmut       #.......     99%         4    #####..
 Sticks to Snakes         Tmut           #.......     38%         2    ###....


Dungeon Overview and Level Annotations

Branches:
Dungeon (2/15)

Altars:
Uskayaw


Innate Abilities, Weirdness & Mutations

You have a pair of small antennae on your head.


Message History

The jackal closely misses you.
The hobgoblin shouts!
The jackal barely misses you.
A bat comes into view.
The hobgoblin hits you.
* * * LOW HITPOINT WARNING * * *
A jackal comes into view.
You take 4 damage, and have 7/26 hp.
The jackal bites you but does no damage.
There is a stone staircase leading up here.
The hobgoblin closely misses you.
The jackal bites you but does no damage. x2
You climb upwards.
There is a stone staircase leading down here.
Unknown command.
The jackal bites you but does no damage.
The jackal closely misses you. The jackal completely misses you.
There is a stone staircase leading down here.
You hit the jackal.
The jackal is lightly wounded.
The jackal bites you but does no damage.
Your ring mail prevents you from hitting the jackal.
The jackal closely misses you. The jackal barely misses you.
You completely miss the jackal. The hobgoblin closely misses you.
The jackal bites you but does no damage.
Casting: Beastly Appendage (safe; 28% risk of failure)
Confirm with . or Enter, or press ? or * to list all spells.
You don't know that spell.
Unknown command.
Casting: Beastly Appendage (safe; 28% risk of failure)
Confirm with . or Enter, or press ? or * to list all spells.
You don't know that spell.
The jackal bites you.
* * * LOW HITPOINT WARNING * * *
You take 1 damage, and have 7/26 hp.
The jackal bites you but does no damage.
The hobgoblin closely misses you.
The jackal bites you but does no damage.
You barely miss the jackal. The jackal closely misses you.
You barely miss the jackal. The jackal closely misses you.
The jackal bites you but does no damage.
You miss the jackal. The jackal misses you.
You hit the jackal but do no damage. The jackal barely misses you.
The jackal bites you but does no damage.
You hit the jackal.
The jackal is heavily wounded.
The jackal bites you but does no damage.
You barely miss the jackal.
The jackal is heavily wounded.
The jackal bites you.
* * * LOW HITPOINT WARNING * * *
The jackal bites you but does no damage.
You take 3 damage, and have 5/26 hp.
The jackal stops to sniff the ground.
The jackal closely misses you.
You see here a club.
You barely miss the jackal.
The jackal is heavily wounded.
The jackal barely misses you. x2
You barely miss the jackal.
The jackal is heavily wounded.
The jackal bites you but does no damage.
The jackal barely misses you. The jackal bites you.
* * * LOW HITPOINT WARNING * * *
The jackal closely misses you.
You take 3 damage, and have 3/26 hp.
The jackal completely misses you. The jackal closely misses you.
The jackal bites you but does no damage.
The jackal stops to sniff the ground.
The jackal bites you but does no damage.
The jackal barely misses you.
You closely miss the jackal.
The jackal is heavily wounded.
The jackal closely misses you.
You barely miss the jackal.
The jackal is heavily wounded.
The jackal barely misses you. The jackal closely misses you.
You closely miss the jackal.
The jackal is heavily wounded.
The jackal closely misses you.
You closely miss the jackal.
The jackal is heavily wounded.
The jackal bites you.
* * * LOW HITPOINT WARNING * * *
The jackal bites you but does no damage.
You take 2 damage, and have 2/26 hp.
You closely miss the jackal.
The jackal is heavily wounded.
The jackal bites you.
* * * LOW HITPOINT WARNING * * *
You take 1 damage, and have 1/26 hp.
You hit the jackal but do no damage.
The jackal is heavily wounded.
The jackal completely misses you.
You hit the jackal but do no damage.
The jackal is heavily wounded.
The jackal bites you.
You die... ███ ████ █ ██████.████ █..█ ████████

..........█ █..█ █.......
.█████.██.█ █..█ █.██████ ..█
█.██.█ █..█ █.███ █ ..█ █..█.█
████████..█ █.█.█ █ ..█
█..█.████.........█ █.█.████
..████..█.█....██████..███.......
................@hhg.............
..████.........████.█..███.█.███.
..█ █......██..████.█..███.█.███.
..█ █..............g.....).......
..███...................██.█.███.
.................................
..██....█........................
........█.███..█.█.█..........███
..██...........█.█.█...8....∆██..


You could see 2 jackals and a hobgoblin.

Vanquished Creatures
  3 dart slugs (D:1)
  A leopard gecko (D:1)
  A giant cockroach (D:1)
  3 goblins (D:1)
  8 hobgoblins (D:1)
  2 bats (D:1)
  2 frilled lizards (D:1)
  4 kobolds (D:1)
  A rat (D:2)
25 creatures vanquished.

Notes
Turn   | Place    | Note
-------+----------+-------------------------------------------
     0 | D:1      | Goblin1989 the Demonspawn Transmuter began the quest for the Orb.
     0 | D:1      | Reached XP level 1. HP: 15/15 MP: 3/3
   189 | D:1      | Reached skill level 3 in Unarmed Combat
   419 | D:1      | Gained mutation: You have a pair of small antennae on your head. [demonic ancestry]
   419 | D:1      | Reached XP level 2. HP: 9/21 MP: 5/5
  1375 | D:1      | Reached skill level 1 in Maces & Flails
  1375 | D:1      | Reached XP level 3. HP: 23/26 MP: 6/6
  1860 | D:2      | Noticed a phantom
  1863 | D:2      | Found a hide-covered altar of Uskayaw.
  1926 | D:1      | HP: 1/26 [jackal (1)]
  1928 | D:1      | Slain by a jackal

Skill      XL: |  1  2 |
---------------+-------+-----
Unarmed Combat | 3 |  3.3
Maces & Flails | 1 |  1.2
Fighting       | |  1.6
Dodging        | |  1.7
Spellcasting   | |  2.0
Transmutations | |  1.7

Action                   || total
-------------------------++-------
Melee: Unarmed           ||    49
       Whip              ||    74
 Stab: Sleeping          ||     1
  Eat: Chunk             ||     5
Armor: Robe              ||    13
       Ring mail         ||    30
Dodge: Dodged            ||    83

Vault maps used:
D:1:      nicolae_arrival_somewhat_less_tricky_arrival
D:2:      overflow_temple_1_default, first_ration, uniq_crazy_yiuf_cottage
